 Dungeon Crawl Stone Soup version 0.20.1-1-g8b1a95d (webtiles) character file.

132 Linguinho the Sneak (level 4, 0/21 HPs)
             Began as a Spriggan Enchanter on Nov 1, 2017.
             Slain by a gnoll
             ... wielding a +0 spear
              (9 damage)
             ... on level 1 of the Dungeon.
             The game lasted 00:10:29 (4305 turns).

Linguinho the Sneak (Spriggan Enchanter)            Turns: 4305, Time: 00:10:29

Health: 0/21       AC:  2    Str:  4    XL:     4   Next: 92%
Magic:  0/9        EV: 19    Int: 16    God:
Gold:   76         SH:  0    Dex: 17    Spells: 3/9 levels left

rFire    . . .     SeeInvis +   a - +1 dagger
rCold    . . .     Gourm    .   (shield restricted)
rNeg     . . .     Faith    .   b - +0 robe
rPois    .         Spirit   .   (helmet restricted)
rElec    .         Reflect  .   (no cloak)
rCorr    .         Harm     .   (gloves unavailable)
MR       .....                  (boots unavailable)
Stlth    +++.......             (no amulet)
Regen    0.1/turn               (no ring)
MPRegen  0.2/turn               (no ring)

@: very quick
A: unfitting armour, see invisible, herbivore 3, speed 3, slow metabolism 2
a: no special abilities


You were on level 1 of the Dungeon.
You were not hungry.

You visited 1 branch of the dungeon, and saw 2 of its levels.

You collected 76 gold pieces.

Inventory:

Hand Weapons
 a - a +1 dagger (weapon)
Armour
 b - a +0 robe (worn)
Scrolls
 e - 3 scrolls of remove curse {unknown}
 g - a scroll of enchant weapon {unknown}
 h - 2 scrolls of identify {unknown}
 k - a scroll of teleportation {unknown}
 m - a scroll of blinking {unknown}
 n - a scroll of recharging {unknown}
Potions
 i - a potion of haste {unknown}
 j - a potion of invisibility {unknown}
 l - a potion of flight {unknown}
 o - a potion of lignification {unknown}
 p - a potion of heal wounds {unknown}
Books
 c - a book of Maledictions

   Spells                             Type                      Level
   a - Corona                         Hexes                        1
   b - Ensorcelled Hibernation        Hexes/Ice                    2
   c - Confuse                        Hexes                        3
   d - Tukima's Dance                 Hexes                        3
   e - Dazzling Spray                 Conjuration/Hexes            3
Comestibles
 d - a bread ration
 f - a fruit


   Skills:
 + Level 0.7 Fighting
 + Level 2.1 Short Blades
 + Level 4.0 Dodging
 + Level 5.8 Stealth
 + Level 3.3 Spellcasting
 + Level 4.4 Hexes
 + Level 0.2 Ice Magic


You had 3 spell levels left.
You knew the following spells:

 Your Spells              Type           Power        Failure   Level  Hunger
a - Corona                Hex            ###....      2%          1    None
b - Confuse               Hex            ###.....     9%          3    ###....
c - Ensorcelled Hibernat  Hex/Ice        ##....       11%         2    ##.....


Dungeon Overview and Level Annotations

Branches:
Dungeon (2/15)

Altars:
Elyvilon
Nemelex Xobeh
Yredelemnul


Innate Abilities, Weirdness & Mutations

You are very small and have problems with some larger weapons.
You are too small for most types of armour.
You have supernaturally acute eyesight. (SInv)
You are a herbivore.
You cover ground extremely quickly.
You need consume almost no food.


Message History

Casting: Ensorcelled Hibernation
Confirm with . or Enter, or press ? or * to list all spells.
Aiming: Ensorcelled Hibernation
Press: ? - help, Shift-Dir - straight line, f - gnoll
Aim: a gnoll, wielding a spear (lightly wounded, not susceptible)
The gnoll is unaffected.
The gnoll completely misses you.
You hit the gnoll but do no damage.
The gnoll is lightly wounded.
The gnoll barely misses you.
You hit the gnoll.
The gnoll is moderately wounded.
The gnoll hits you with a spear.
You completely miss the gnoll.
The gnoll is moderately wounded.
The gnoll barely misses you.
You hit the gnoll.
The gnoll is moderately wounded.
The gnoll hits you with a spear!
You die...

#.......##...#
######'###..## #...#...#
#...#...# ## #...#..## #.
#####.......###########
#..........[...........
#.....g.....###########
#.....@.....# #
#...........# #
#...........###########
#...........#..........
#...........#..........
#...........#..........
#########.................
#.........................
#.##############......)...


You could see a gnoll.

Vanquished Creatures
  Jessica (D:2)
  2 gnolls (D:2)
  An adder (D:2)
  An ooze (D:1)
  3 worms
  A dart slug (D:1)
  3 leopard geckos
  7 bats
  3 giant cockroaches
  2 gnoll zombies (D:2)
  8 goblins
  3 hobgoblins
  3 jackals
  5 kobolds (D:1)
  2 quokkas (D:2)
  3 ball pythons (D:1)
  3 frilled lizards
  8 rats
59 creatures vanquished.

Notes
Turn   | Place    | Note
-------+----------+-------------------------------------------
     0 | D:1      | Linguinho the Spriggan Enchanter began the quest for the Orb.
     0 | D:1      | Reached XP level 1. HP: 9/9 MP: 5/5
     6 | D:1      | Noticed a polar bear
     6 | D:1      | Noticed a rime drake
     6 | D:1      | Noticed a lindwurm
     6 | D:1      | Noticed a hound
   140 | D:1      | Reached XP level 2. HP: 12/13 MP: 6/6
   647 | D:1      | Reached skill level 5 in Stealth
   791 | D:1      | Reached XP level 3. HP: 9/16 MP: 8/8
  2348 | D:1      | Learned a level 3 spell: Confuse
  2351 | D:1      | Learned a level 2 spell: Ensorcelled Hibernation
  2464 | D:2      | Found a white marble altar of Elyvilon.
  2477 | D:2      | Found a sparkling altar of Nemelex Xobeh.
  2515 | D:2      | Reached XP level 4. HP: 21/21 MP: 6/9
  2721 | D:2      | Found a basalt altar of Yredelemnul.
  2784 | D:2      | Noticed Jessica
  2829 | D:2      | Killed Jessica
  3001 | D:2      | HP: 1/21 [gnoll/spear (10)]
  4305 | D:1      | Slain by a gnoll

Skill      XL: |  1  2  3  4 |
---------------+-------------+-----
Hexes          | 4 |  4.4
Stealth        | 5 |  5.8
Short Blades   | 2 |  2.1
Spellcasting   | 3 |  3.3
Dodging        | 4 |  4.0
Fighting       | |  0.7
Ice Magic      | |  0.2

Action                   |  1- 3 |  4- 6 || total
-------------------------+-------+-------++-------
Melee: Dagger            |   170 |    90 ||   260
 Cast: Corona            |    13 |     2 ||    15
       Confuse           |     3 |     5 ||     8
       Ensorcelled Hiber |     1 |    18 ||    19
 Stab: Sleeping          |    15 |     4 ||    19
       Confused          |     1 |     3 ||     4
       Distracted        |       |     2 ||     2
  Eat: Bread ration      |       |     1 ||     1
Armor: Robe              |    16 |     7 ||    23
Dodge: Dodged            |   142 |   116 ||   258
